 Dungeon Sprint DCSS version 0.29-a0-369-gd956c00756 (webtiles) character file.

Game seed: 18334060062518500164

50599 mhtbhm the Merfolkian Porcupine (level 14, -10/138 HPs)
             Began as a Merfolk Gladiator on May 1, 2022.
             Was the Champion of Okawaru.
             Mangled by a white very ugly thing (13 damage)
             ... while paralysed by a vampire knight
             ... in the Dungeon (Sprint IX: "|||||||||||||||||||||||||||||").
             The game lasted 00:14:23 (7931 turns).

mhtbhm the Merfolkian Porcupine (Merfolk Gladiator) Turns: 7931, Time: 00:14:23

Health: -10/138    AC: 23    Str: 18    XL:     14   Next: 55%
Magic:  24/26      EV:  2    Int:  8    God:    Okawaru [******]
Gold:   74         SH:  0    Dex: 23    Spells: 13/13 levels left

rFire   + . .      SeeInvis .   a - +1 bardiche (venom)
rCold   + + +      Faith    .   (shield currently unavailable)
rNeg    . . .      Spirit   .   b - +2 chain mail {rF+}
rPois   +          Reflect  .   y - +2 hat "Hesaleg" {rElec rPois rC++ Dex+4}
rElec   +          Harm     .   n - +0 cloak
rCorr   .          Rampage  .   o - +0 pair of gloves
Will    +....      NoTele   +   c - +0 pair of boots
Stlth   +++.......              (no amulet)
HPRegen 0.33/turn               p - +3 ring of dexterity
MPRegen 0.20/turn               C - ring of protection from cold

@: paralysed, heroic
A: (nimble swimmer 2), mertail
a: Renounce Religion, Heroism, Finesse


You were in the Dungeon.
You worshipped Okawaru.
Okawaru was exalted by your worship.
You visited 1 branch You collected 1933 gold pieces.
You spent 1859 gold pieces at shops.

Inventory:

Hand Weapons
 a - a +1 bardiche of venom (weapon)
 r - a +6 halberd of venom
 z - the +4 war axe "Reguscha" {flame, Fly}
   (You bought it in a shop in the Dungeon)

   It burns those it strikes, dealing additional fire damage.
   Big, fiery blades are also staple armaments of hydra-hunters.
   Fly:       It grants you flight.
 A - the +8 whip "Snakebite" {venom, curare, rPois}
   (You bought it in a shop in the Dungeon)

   It poisons the flesh of those it strikes.
   It occasionally inflicts asphyxiating poison on those it strikes, dealing
   poison damage and causing slowness.
   rPois:     It protects you from poison.
Missiles
 q - a silver javelin (quivered)
 v - 4 poisoned darts
Armour
 b - a +2 chain mail of fire resistance (worn)
 c - a +0 pair of boots (worn)
 k - a +0 kite shield of reflection
 n - a +0 cloak (worn)
 o - a +0 pair of gloves (worn)
 y - the +2 hat "Hesaleg" (worn) {rElec rPois rC++ Dex+4}
   (Okawaru gifted it to you in the Dungeon)

   Dex:       It affects your dexterity (+4).
   rC:        It greatly protects you from cold.
   rElec:     It insulates you from electricity.
   rPois:     It protects you from poison.
Jewellery
 p - a +3 ring of dexterity (left hand)
 B - a ring of poison resistance
 C - a ring of protection from cold (right hand)
 D - a ring of fire
Scrolls
 l - 2 scrolls of amnesia
 t - 3 scrolls of identify
 u - 3 scrolls of fog
 w - 2 scrolls of fear
Potions
 d - 2 potions of mutation
 f - 4 potions of curing
 g - 2 potions of heal wounds
 h - 3 potions of might
 i - 4 potions of magic
 j - 3 potions of berserk rage
 m - a potion of resistance
 s - 2 potions of attraction


   Skills:
 + Level 21.1(26.1) Fighting
 - Level 1.0(6.0) Maces & Flails
 O Level 27 Polearms
 + Level 7.3(12.3) Throwing
 + Level 12.4(17.4) Armour
 + Level 18.1(23.1) Dodging
 - Level 7.8(12.8) Stealth
 * Level 17.4 Invocations
 + Level 5.4 Evocations


You had 13 spell levels left.
You didn't know any spells.
Your spell library was empty.

Dungeon Overview and Level Annotations

Branches:
Dungeon (1/1)

Altars:
Cheibriados
Dithmenos
Elyvilon
Fedhas
Gozag
Hepliaklqana
Kikubaaqudgha
Makhleb
Nemelex Xobeh
Okawaru
Qazlal
Ru
Sif Muna
Trog
Uskayaw
Vehumet
Wu Jian
Xom
Yredelemnul
Zin
The Shining One
Beogh
Jiyva
Lugonu

Shops:
D [!(*


Innate Abilities, Weirdness & Mutations

((You are very nimble when in or above water. (Stealth+, EV+, Speed+++)))
Your lower body shifts to a powerful aquatic tail in water.


Message History

* * * LOW HITPOINT WARNING * * *
Unknown command.
Okay, then.
You feel much better.
The white very ugly thing trunk-slaps you.
The white very ugly thing freezes you! You resist.
The vampire knight barely misses you.
The vampire knight bites you but does no damage.
Unknown command.
You gain the combat prowess of a mighty hero.
The white very ugly thing trunk-slaps you but does no damage.
The vampire knight gestures at you while chanting.
You resist with significant effort.
You slash the vampire knight!
The vampire knight is almost destroyed.
The white very ugly thing trunk-slaps you but does no damage.
The vampire knight hits you with a +0 war axe!!
* * * LOW HITPOINT WARNING * * *
The vampire knight barely misses you.
You hit the vampire knight but do no damage.
The vampire knight is almost destroyed.
The white very ugly thing trunk-slaps you.
* * * LOW HITPOINT WARNING * * *
The white very ugly thing freezes you! You resist.
* * * LOW HITPOINT WARNING * * *
Unknown command.
Okay, then.
Press: ? - help, v - describe, . - travel
Here: a vampire knight, wielding a +0 war axe and wearing a +0 plate armour (almost destroyed)
The floor, spattered with blood.
Unknown command.
You hit the vampire knight but do no damage.
The vampire knight is almost destroyed.
The vampire knight casts a spell at you.
You suddenly lose the ability to move!
The spriggan air mage waves its arms in wide circles.
The air twists around and strikes you!
* * * LOW HITPOINT WARNING * * *
The white very ugly thing trunk-slaps you!
You die...

▓.♣.♣.▓[▓.▓.▓.▓.
▓(▓.♣.♣.▓[▓)▓.▓.▓.
▓u▓.♣.♣☼▓[▓.▓)▓.▓.
▓i▓.♣†♣.▓[▓.▓[▓.▓.
▓C▓.♣)♣.▓[▓.▓.▓.▓.
▓p▓.♣)♣.▓[▓.▓.▓.▓.
▓H▓.▓.▓.▓[▓.▓.▓.▓.
▓u▓.▓.▓.▓.▓.▓.▓.▓.
▓@▓.▓.▓.▓)▓.▓.▓.▓.
▓V▓.▓.▓.▓)▓.▓.▓.▓'
▓)▓.▓.▓.▓)▓.▓)▓.▓.
▓)▓.▓.▓[▓)▓.▓)▓.▓.
▓[▓.▓.▓.▓)▓.▓.▓)▓.
▓[▓.▓.▓.▓)▓.▓.▓.▓.
▓[▓.▓.▓.▓)▓.▓)▓.▓.
▓)▓.▓)▓.▓)▓.▓.▓.▓.
▓.▓.▓.▓.▓.▓.▓)▓)▓.


You could see 2 very ugly things, a sphinx, a vampire knight, an ettin, a hell
knight (fast) and a spriggan air mage (repels missiles).

Vanquished Creatures
  A lich (D)
  Frances (D)
  A tengu reaver (D)
  A sphinx (D)
  Donald (D)
  A thorn hunter (D)
  A vampire knight (D)
  3 stone giants (D)
  Azrael (D)
  A fire dragon (D)
  A merfolk javelineer (D)
  An ettin (D)
  3 boulder beetles (D)
  2 hydras (D)
  Erica (D)
  An ice dragon (D)
  A centaur warrior (D)
  A naga warrior (D)
  A spriggan air mage (D)
  A two-headed ogre (D)
  An alligator (D)
  A spriggan berserker (D)
  Urug (D)
  A naga sharpshooter (D)
  2 deep troll earth magi (D)
  Nergalle (D)
  A goliath frog (D)
  A steelbarb worm (D)
  2 swamp dragons (D)
  A bog body (D)
  An orb spider (D)
  A spriggan druid (D)
  3 mana vipers (D)
  A deep elf pyromancer (D)
  12 orc knights (D)
  A wizard (D)
  2 ugly things (D)
  2 wolf spiders (D)
  3 manticores (D)
  8 elephants (D)
  3 black mambas (D)
  A naga mage (D)
  A cyclops (D)
  A torpor snail (D)
  3 cane toads (D)
  A guardian serpent (D)
  A water nymph (D)
  A gargoyle (D)
  A demonic crawler (D)
  4 komodo dragons (D)
  A tengu conjurer (D)
  A merfolk (D)
  A wind drake (D)
  A hornet (D)
  A blink frog (D)
  A dream sheep (D)
  A snapping turtle (D)
  A shadow (D)
  A jumping spider (D)
  2 culicivoras (D)
  3 water elementals (D)
  A spriggan (D)
  A wyvern (D)
  A yak (D)
  Eustachio (D)
  Grum (D)
  A fire elemental (D)
  An acid dragon (D)
  5 hell hounds (D)
  A water moccasin (D)
  An ice beast (D)
  17 orc warriors (D)
  4 wolves (D)
  A centaur (D)
  3 bullfrogs (D)
  A scorpion (D)
  A howler monkey (D)
  A jelly (D)
  4 orc priests (D)
  2 iguanas (D)
  2 orc wizards (D)
  4 orcs (D)
  A bat (D)
  An endoplasm (D)
  A giant cockroach (D)
  A hobgoblin (D)
  A ball python (D)
  A bat simulacrum (D)
162 creatures vanquished.

Vanquished Creatures (others)
  A tengu warrior (D)
  A mana viper (D)
  A shadow (D)
3 creatures vanquished.

Grand Total: 165 creatures vanquished

Notes
Turn   | Place    | Note
-------+----------+-------------------------------------------
     0 | D        | mhtbhm the Merfolk Gladiator began the quest for the Orb.
     0 | D        | Reached XP level 1. HP: 16/16 MP: 1/1
    16 | D        | Reached skill level 5 in Dodging
    20 | D        | Reached skill level 5 in Polearms
    64 | D        | Noticed an iguana
    64 | D        | Noticed a scorpion
    64 | D        | Noticed an ice beast
    64 | D        | Noticed a jelly
    64 | D        | Noticed an iguana
    69 | D        | Killed an iguana
    70 | D        | Reached skill level 6 in Polearms
    70 | D        | Reached XP level 2. HP: 24/24 MP: 2/2
    70 | D        | Reached XP level 3. HP: 29/29 MP: 3/3
    72 | D        | Reached skill level 7 in Polearms
    72 | D        | Reached skill level 1 in Stealth
    72 | D        | Reached XP level 4. HP: 35/35 MP: 4/4
    76 | D        | Killed an ice beast
    77 | D        | Reached skill level 10 in Polearms
    77 | D        | Reached XP level 5. HP: 42/42 MP: 5/5
    79 | D        | Reached skill level 11 in Polearms
    86 | D        | Reached XP level 6. HP: 34/50 MP: 6/6
    92 | D        | Found a snail-covered altar of Cheibriados.
    92 | D        | Found a shadowy altar of Dithmenos.
    92 | D        | Found a white marble altar of Elyvilon.
    92 | D        | Found a blossoming altar of Fedhas.
    92 | D        | Found an opulent altar of Gozag.
    93 | D        | Found a hazy altar of Hepliaklqana.
    94 | D        | Found a viscous altar of Jiyva.
    95 | D        | Found an ancient bone altar of Kikubaaqudgha.
    96 | D        | Found a corrupted altar of Lugonu.
    97 | D        | Found a burning altar of Makhleb.
    98 | D        | Found a sparkling altar of Nemelex Xobeh.
    99 | D        | Found an iron altar of Okawaru.
   100 | D        | Found a stormy altar of Qazlal.
   101 | D        | Found a sacrificial altar of Ru.
   102 | D        | Found a shimmering blue altar of Sif Muna.
   103 | D        | Found a bloodstained altar of Trog.
   104 | D        | Found a hide-covered altar of Uskayaw.
   113 | D        | Found a radiant altar of Vehumet.
   114 | D        | Found an ornate altar of the Wu Jian Council.
   115 | D        | Found a shimmering altar of Xom.
   117 | D        | Became a worshipper of Warmaster Okawaru
   119 | D        | Found a basalt altar of Yredelemnul.
   120 | D        | Found a glowing silver altar of Zin.
   121 | D        | Found a glowing golden altar of the Shining One.
   178 | D        | Noticed an orc warrior
   178 | D        | Noticed a shadow
   178 | D        | Noticed an acid dragon
   178 | D        | Noticed a two-headed ogre
   194 | D        | Reached skill level 5 in Fighting
   195 | D        | Killed a two-headed ogre
   195 | D        | Reached * piety under Okawaru
   195 | D        | Reached ** piety under Okawaru
   196 | D        | Reached skill level 15 in Polearms
   196 | D        | Reached skill level 5 in Throwing
   196 | D        | Reached skill level 1 in Armour
   196 | D        | Reached XP level 7. HP: 59/59 MP: 7/7
   196 | D        | Reached XP level 8. HP: 65/65 MP: 8/8
   209 | D        | Reached skill level 16 in Polearms
   217 | D        | Killed a shadow
   223 | D        | Reached *** piety under Okawaru
   420 | D        | Noticed a manticore
   420 | D        | Noticed a centaur warrior
   420 | D        | Noticed a tengu warrior
   420 | D        | Noticed a gargoyle
   420 | D        | Noticed a boulder beetle
   420 | D        | Noticed a shadow
   425 | D        | Killed a shadow
   432 | D        | Killed a boulder beetle
   433 | D        | Reached skill level 18 in Polearms
   433 | D        | Reached skill level 5 in Stealth
   433 | D        | Reached XP level 9. HP: 36/75 MP: 9/9
   436 | D        | Killed a gargoyle
   439 | D        | Killed a tengu warrior
   441 | D        | HP: 3/75 [centaur warrior/arrow (11)]
   444 | D        | Killed a manticore
   444 | D        | Reached **** piety under Okawaru
   445 | D        | Reached skill level 19 in Polearms
   445 | D        | Reached skill level 1 in Evocations
   446 | D        | Killed a centaur warrior
   831 | D        | Noticed a seven-headed hydra
   831 | D        | Noticed a komodo dragon
   831 | D        | Noticed a komodo dragon
   831 | D        | Noticed a cane toad
   837 | D        | Killed a cane toad
   838 | D        | Reached skill level 1 in Invocations
   838 | D        | Reached XP level 10. HP: 59/83 MP: 9/11
   842 | D        | Noticed a black mamba
   844 | D        | Reached skill level 20 in Polearms
   851 | D        | Killed an 11-headed hydra
   852 | D        | Reached skill level 10 in Fighting
   853 | D        | Reached ***** piety under Okawaru
   866 | D        | Killed a black mamba
   867 | D        | Reached skill level 21 in Polearms
   867 | D        | Reached skill level 5 in Invocations
  1118 | D        | Noticed a cane toad
  1118 | D        | Noticed a black mamba
  1125 | D        | Killed a black mamba
  1137 | D        | Killed a cane toad
  1137 | D        | Received a gift from Okawaru
  1139 | D        | Noticed a cane toad
  1149 | D        | Reached XP level 11. HP: 64/93 MP: 14/16
  1157 | D        | Reached skill level 5 in Armour
  1160 | D        | Reached skill level 15 in Dodging
  1166 | D        | Reached skill level 5 in Evocations
  1546 | D        | Reached ****** piety under Okawaru
  1546 | D        | Identified the +2 hat "Hesaleg" {rElec rPois rC++ Dex+4}
                  | (Okawaru gifted it to you in the Dungeon)
  1546 | D        | Received a gift from Okawaru
  1552 | D        | Reached skill level 22 in Polearms
  1964 | D        | Noticed Eustachio
  1967 | D        | Noticed Grum
  1971 | D        | Killed Eustachio
  1980 | D        | Killed Grum
  2021 | D        | Noticed an orc knight
  2030 | D        | Noticed an orc knight
  2035 | D        | Killed an orc knight
  2101 | D        | Killed an orc knight
  2391 | D        | Reached skill level 10 in Invocations
  2489 | D        | Noticed an orc knight
  2496 | D        | Noticed an orc knight
  2511 | D        | Killed an orc knight
  2517 | D        | Killed an orc knight
  2518 | D        | Reached skill level 23 in Polearms
  2523 | D        | Reached XP level 12. HP: 106/106 MP: 19/19
  3243 | D        | Found Vatin's General Store.
  3267 | D        | Identified the +1 scale mail "Gimuav" {Str+5 Int+7 Stlth-}
                  | (Okawaru gifted it to you in the Dungeon)
  3267 | D        | Received a gift from Okawaru
  3319 | D        | Found Zuleniuf's Antique Weapon Shop.
  3663 | D        | Found Mimot's Distillery.
  3667 | D        | Found Epallish's Armour Shop.
  4054 | D        | Reached skill level 15 in Fighting
  4185 | D        | Bought a potion of berserk rage for 60 gold pieces
  4189 | D        | Bought a potion of mutation for 96 gold pieces
  4189 | D        | Bought a potion of resistance for 120 gold pieces
  4189 | D        | Bought 2 potions of curing for 72 gold pieces
  4189 | D        | Bought a potion of curing for 36 gold pieces
  4189 | D        | Bought a potion of mutation for 96 gold pieces
  4200 | D        | Bought the +8 whip "Snakebite" {venom, curare, rPois} for
                  | 1192 gold pieces
  4200 | D        | Found the +8 whip "Snakebite" {venom, curare, rPois}
  4202 | D        | Bought an ichor-stained war axe for 187 gold pieces
  4202 | D        | Identified the +4 war axe "Reguscha" {flame, Fly} (You
                  | bought it in a shop in the Dungeon)
  4235 | D        | Noticed Urug
  4253 | D        | Killed Urug
  4254 | D        | Reached skill level 1 in Maces & Flails
  4338 | D        | Noticed Erica
  4359 | D        | Killed Erica
  4735 | D        | Noticed a boulder beetle
  4737 | D        | Noticed a boulder beetle
  4743 | D        | Reached skill level 24 in Polearms
  4753 | D        | Noticed a stone giant
  4757 | D        | Killed a boulder beetle
  4759 | D        | Noticed a stone giant
  4762 | D        | Killed a boulder beetle
  4778 | D        | Killed a stone giant
  4779 | D        | Reached XP level 13. HP: 73/119 MP: 22/22
  4787 | D        | Killed a stone giant
  4787 | D        | Received a gift from Okawaru
  5100 | D        | Noticed a lich
  5102 | D        | Noticed a vampire knight
  5105 | D        | Noticed a stone giant
  5106 | D        | Paralysed by a vampire knight for 2 turns
  5113 | D        | Killed a lich
  5116 | D        | Killed a vampire knight
  5126 | D        | Killed a stone giant
  5492 | D        | Reached skill level 10 in Armour
  5509 | D        | Reached skill level 25 in Polearms
  5514 | D        | Received a gift from Okawaru
  5755 | D        | Noticed a thorn hunter
  5762 | D        | Received a gift from Okawaru
  5778 | D        | Killed a thorn hunter
  6221 | D        | Reached skill level 15 in Invocations
  6427 | D        | Identified the +1 ring mail "Futosmoo" {rElec rPois rCorr
                  | Int+4} (Okawaru gifted it to you in the Dungeon)
  6427 | D        | Received a gift from Okawaru
  6557 | D        | Noticed a merfolk javelineer
  6587 | D        | Killed a merfolk javelineer
  6588 | D        | Reached skill level 26 in Polearms
  6886 | D        | Reached XP level 14. HP: 133/133 MP: 25/25
  7203 | D        | Noticed Azrael
  7222 | D        | Killed Azrael
  7243 | D        | Noticed Nergalle
  7253 | D        | Killed Nergalle
  7403 | D        | Noticed Frances
  7412 | D        | Killed Frances
  7472 | D        | Noticed Donald
  7486 | D        | Killed Donald
  7487 | D        | Reached skill level 27 in Polearms
  7612 | D        | Noticed a sphinx
  7625 | D        | Noticed a tengu reaver
  7631 | D        | Received a gift from Okawaru
  7633 | D        | Killed a sphinx
  7634 | D        | Killed a tengu reaver
  7916 | D        | Noticed a white very ugly thing
  7917 | D        | Noticed a sphinx
  7919 | D        | Noticed a vampire knight
  7924 | D        | Noticed a purple very ugly thing
  7931 | D        | Paralysed by a vampire knight for 5 turns
  7931 | D        | HP: 3/138 [spriggan air mage/the air (17)]
  7931 | D        | Mangled by a white very ugly thing

Illustrated notes

Levels and vault maps discovered:
D:        linesprint [early_d, line_temple, items_1, d_10, items_2, lair_1,
          lair_end, items_3, orc_1, orc_end, items_4, d_15, swamp_1, shoals_1,
          snake_1, spider_1, d_20, vaults_1, items_5, swamp_end, shoals_end,
          snake_end, spider_end, vaults_end, d_27, items_6, zot_1, zot_end,
          crypt_end, forest_end, elf_end, slime_end, tomb_end, abyss_end,
          pan_hell_end]

Skill      XL: |  1  2  3  4  5  6  7  8  9 10 11 12 13 14 |
---------------+-------------------------------------------+-----
Dodging        | 6 7 8 9 12 13 14 16 17 18 | 18.1
Polearms       | 6 7 10 11 15 18 19 21 23 24 26 27 | 27.0
Fighting       | 3 4 6 8 9 11 13 16 19 21 | 21.1
Throwing       | 3 5 6 7 |  7.3
Stealth        | 1 2 3 5 7 |  7.8
Armour         | 1 2 3 4 6 8 11 12 | 12.4
Evocations     | 2 4 5 |  5.4
Invocations    | 1 6 10 13 15 17 | 17.4
Maces & Flails | 1 |  1.0

Action                   |  1- 3 |  4- 6 |  7- 9 | 10-12 | 13-15 || total
-------------------------+-------+-------+-------+-------+-------++-------
Melee: Trident           |    22 |    14 |       |       |       ||    36
       Halberd           |       |     6 |    38 |   383 |    10 ||   437
       Whip              |       |       |       |    11 |       ||    11
       Demon trident     |       |       |       |    10 |       ||    10
       Punch             |       |       |       |     2 |       ||     2
       Bardiche          |       |       |       |       |   256 ||   256
       War axe           |       |       |       |       |     6 ||     6
Throw: Dart              |       |       |       |     5 |       ||     5
       Throwing net      |       |       |       |     4 |       ||     4
       Boomerang         |       |       |       |     6 |       ||     6
       Javelin           |       |       |       |     1 |    16 ||    17
Invok: Heroism           |       |       |       |     5 |     5 ||    10
Evoke: Wand              |       |     1 |     9 |       |       ||    10
  Use: Potion            |     1 |     1 |     4 |     8 |     1 ||    15
       Scroll            |       |       |       |     6 |     1 ||     7
 Stab: Sleeping          |     2 |       |       |     3 |       ||     5
       Invisible         |       |       |     4 |       |       ||     4
       Held in net/web   |       |       |       |     8 |       ||     8
       Distracted        |       |       |       |     1 |       ||     1
Armor: Leather armour    |     8 |       |       |       |       ||     8
       Acid dragon scale |       |       |     3 |    23 |       ||    26
       Chain mail        |       |       |       |    15 |    87 ||   102
Dodge: Dodged            |    11 |     6 |    18 |   183 |   147 ||   365

Table legend: (Time is in decaauts)
 A = Elapsed time spent in this place.
 B = Non-inter-level travel time spent in this place.
 C = Inter-level travel time spent in this place.
 D = Time resting spent in this place.
 E = Time spent auto-exploring this place.
 F = Levels seen in this place.
 G = Mean time per level.
                   A        B        C        D        E       F      G
               +--------+--------+--------+--------+--------+-----+--------+
         Total |   7702 |   7702 |      0 |   4309 |   1314 |   1 | 7702.0 |
       Dungeon |   7702 |   7702 |      0 |   4309 |   1314 |   1 | 7702.0 |
               +--------+--------+--------+--------+--------+-----+--------+

Top non-repeatable levels by time:
       D: 7702 daAuts
